 Dungeon Crawl Stone Soup version 0.25.1-2-g60ff931df9 (webtiles) character file.

Game seed: 6138988558015658850

14412 gruber the Cleaver (level 11, -2/88 HPs)
             Began as a Deep Dwarf Fighter on Aug 21, 2020.
             Was the Champion of Makhleb.
             Splashed by a brown ugly thing's acid (7 damage)
             ... on level 12 of the Dungeon.
             The game lasted 00:17:01 (10791 turns).

gruber the Cleaver (Deep Dwarf Fighter)            Turns: 10791, Time: 00:17:02

Health: -2/88      AC: -6    Str: 23    XL:     11   Next: 88%
Magic:  15/15      EV:  9    Int:  9    God:    Makhleb [******]
Gold:   358        SH: 12    Dex: 12    Spells: 10/10 levels left

rFire    . . .     SeeInvis +   z - +4 war axe of Qazlal's Hatred {vorpal, rPois}
rCold    . . .     Gourm    .   c - +0 kite shield
rNeg     . . .     Faith    .   D - +0 ring mail {MR+}
rPois    +         Spirit   .   (no helmet)
rElec    .         Reflect  .   J - scarf {+Inv}
rCorr    .         Harm     .   y - +0 pair of gloves
MR       ++...                  b - +0 pair of boots
Stlth    +.........             (no amulet)
HPRegen  0.00/turn              u - ring of see invisible
MPRegen  0.14/turn              j - ring of poison resistance

@: corroded, non-regenerating
A: damage resistance, heal wounds, sense surroundings 2, no regeneration
a: Heal Wounds, Minor Destruction, Lesser Servant of Makhleb, Major Destruction,
Greater Servant of Makhleb, Renounce Religion, Evoke Invisibility


You were on level 12 of the Dungeon.
You worshipped Makhleb.
Makhleb was exalted by your worship.
You were not hungry.

You visited 1 branch of the dungeon, and saw 12 of its levels.

You collected 590 gold pieces.
You spent 232 gold pieces at shops.

Inventory:

Hand Weapons
 w - a +1 short sword of flaming
 z - the +4 war axe of Qazlal's Hatred (weapon) {vorpal, rPois}
   (You found it on level 5 of the Dungeon)

   It inflicts extra damage upon your enemies.
   It protects you from poison.
Missiles
 h - 69 poisoned darts (quivered)
Armour
 b - a +0 pair of boots (worn)
 c - a +0 kite shield (worn)
 y - a +0 pair of gloves (worn)
 D - a +0 ring mail of magic resistance (worn)
 J - a scarf of invisibility (worn)
Jewellery
 j - a ring of poison resistance (right hand)
 k - an uncursed ring of wizardry
 u - a ring of see invisible (left hand)
Wands
 a - a wand of clouds (6)
 n - a wand of flame (13)
 x - a wand of enslavement (23)
 G - a wand of iceblast (12)
Scrolls
 e - 3 scrolls of magic mapping {unknown}
 g - 10 scrolls of amnesia {unknown}
 l - 6 scrolls of identify {unknown}
 q - 4 scrolls of enchant armour {unknown}
 r - 8 scrolls of remove curse {unknown}
 t - 3 scrolls of enchant weapon {unknown}
 C - a scroll of random uselessness {unknown}
 E - a scroll of silence {unknown}
 K - a scroll of immolation {unknown}
 L - 2 scrolls of teleportation {unknown}
Potions
 d - 6 potions of might
 i - 2 potions of lignification {unknown}
 o - a potion of magic {unknown}
 p - 4 potions of flight {unknown}
 s - 2 potions of brilliance {unknown}
 v - 3 potions of haste {unknown}
 A - a potion of mutation {unknown}
 B - a potion of ambrosia {unknown}
 H - 2 potions of heal wounds {unknown}
 I - a potion of cancellation {unknown}
 M - 2 potions of curing {unknown}
Comestibles
 f - 18 rations
 m - 4 chunks of flesh


   Skills:
 - Level 2.6 Fighting
   Level 7.0 Long Blades
 * Level 13.4 Axes
 - Level 9.0 Armour
 - Level 9.1 Shields
 - Level 9.7 Invocations


You had 10 spell levels left.
You didn't know any spells.
Your spell library contained the following spells:

 Spells                   Type           Power        Failure   Level  Hunger
 Animate Skeleton         Necr           N/A          77%         1    ##.....
 Apportation              Tloc           #.....       77%         1    ##.....
 Corona                   Hex            #......      77%         1    ##.....
 Summon Small Mammal      Summ           #...         77%         1    ##.....


Dungeon Overview and Level Annotations

Branches:
Dungeon (12/15)            Temple (0/1) D:7            Lair (0/6) D:11
    Orc (0/2) D:9

Altars:
Cheibriados
Fedhas
Gozag
Kikubaaqudgha
Makhleb
Uskayaw
Wu Jian
Xom
Yredelemnul

Shops:
D:10 [   D:11 [

Annotations:
D:11 3 runed translucent doors, Gaunlena's ghost, journeyman OpAs


Innate Abilities, Weirdness & Mutations

You are resistant to damage.
You can heal yourself by infusing magical energy.
You passively map the area around you.
You do not regenerate.


Message History

The brown ugly thing is severely wounded.
You block the brown ugly thing's attack.
You closely miss the brown ugly thing.
The brown ugly thing is severely wounded.
You block the brown ugly thing's attack.
Your magical essence is drained by the effort!
You feel much better. The brown ugly thing bites you. The acid corrodes you!
You are splashed with acid!
You slash the brown ugly thing!
The brown ugly thing is almost dead.
The brown ugly thing bites you!
* * * LOW HITPOINT WARNING * * *
The acid corrodes you!
You are splashed with acid!
* * * LOW HITPOINT WARNING * * *
You barely miss the brown ugly thing.
The brown ugly thing is almost dead.
The brown ugly thing bites you!
* * * LOW HITPOINT WARNING * * *
The acid corrodes you!
You are splashed with acid!
You die...

* * ,, ,,, #..
.... #..# *....
, , #..# *u..
,, #..# ..#
#..# ..# ,,
#..# ..#,
#..#########.#*
, ,,*
#....@u.....(#
,, ,
#..######....#
, * #..#
#....## , ,
#..# #.......#
#..#
#........,,,
#..# #...#####
,,
#..######...#,
, ,, ,
#..รท........#
* ,
#...........# ,


You could see a brown ugly thing.

Vanquished Creatures
  Harold (D:8)
  2 two-headed ogres
  An ugly thing (D:11)
  A cyclops (D:11)
  A gargoyle (D:11)
  An efreet (D:11)
  2 trolls
  A merfolk (D:10)
  3 hippogriffs
  A shadow (D:12)
  18 yaks
  2 wyverns
  A hungry ghost (D:7)
  A warg (D:9)
  2 porcupines (D:11)
  7 orc warriors
  2 sky beasts
  2 ice beasts
  3 black bears
  5 ogres
  A phantom (D:8)
  A necrophage (D:7)
  A hornet zombie (D:9)
  2 wolves (D:11)
  3 centaurs
  3 crocodiles (D:11)
  8 big kobolds
  7 bullfrogs
  A water moccasin skeleton (D:10)
  5 scorpions
  8 killer bees
  2 howler monkeys (D:11)
  3 crimson imps
  A centaur zombie (D:5)
  A quasit (D:8)
  2 bullfrog zombies
  2 jellies
  5 hounds
  9 orc priests
  19 orc wizards
  8 iguanas
  3 bullfrog skeletons
  8 worker ants
  A hound zombie (D:6)
  A hound skeleton (D:7)
  2 howler monkey zombies
  10 gnolls
  21 adders
  2 shadow imps
  An ooze (D:4)
  2 adder skeletons
  4 worms
  3 dart slugs
  6 leopard geckos
  60 orcs
  2 ball pythons (D:3)
  9 giant cockroaches
  5 goblins
  7 hobgoblins
  28 jackals
  3 quokkas
  5 bats
  5 frilled lizards
  30 kobolds
  11 rats
  A plant (D:11)
379 creatures vanquished.

Vanquished Creatures (others)
  A bush (D:11)
  6 fungi (D:11)
  5 plants (D:11)
12 creatures vanquished.

Grand Total: 391 creatures vanquished

Notes
Turn   | Place    | Note
-------+----------+-------------------------------------------
     0 | D:1      | gruber the Deep Dwarf Fighter began the quest for the Orb.
     0 | D:1      | Reached XP level 1. HP: 20/20 MP: 1/1
   333 | D:1      | Reached XP level 2. HP: 27/27 MP: 2/2
  1106 | D:2      | Reached XP level 3. HP: 26/33 MP: 3/3
  1502 | D:2      | Reached XP level 4. HP: 19/40 MP: 4/4
  1509 | D:2      | Found an ornate altar of the Wu Jian Council.
  1832 | D:3      | Reached skill level 5 in Long Blades
  1883 | D:3      | Found a shimmering altar of Xom.
  1898 | D:3      | Reached XP level 5. HP: 18/46 MP: 5/5
  2837 | D:4      | Found a basalt altar of Yredelemnul.
  2853 | D:4      | Reached XP level 6. HP: 49/55 MP: 6/6
  2855 | D:4      | Found an opulent altar of Gozag.
  2858 | D:4      | Found a burning altar of Makhleb.
  2858 | D:4      | Found an ancient bone altar of Kikubaaqudgha.
  2861 | D:4      | Found a snail-covered altar of Cheibriados.
  2866 | D:4      | Became a worshipper of Makhleb the Destroyer
  3240 | D:4      | Found a hide-covered altar of Uskayaw.
  3841 | D:5      | Entered Level 5 of the Dungeon
  3889 | D:5      | Reached XP level 7. HP: 45/61 MP: 7/7
  3926 | D:5      | Reached * piety under Makhleb
  3932 | D:5      | Reached skill level 5 in Armour
  4117 | D:5      | Got a brightly glowing war axe
  4118 | D:5      | Identified the +4 war axe of Qazlal's Hatred {vorpal,
                  | rPois} (You found it on level 5 of the Dungeon)
  4270 | D:5      | Reached skill level 1 in Axes
  4429 | D:6      | Reached skill level 2 in Axes
  4435 | D:5      | Reached skill level 3 in Axes
  4587 | D:6      | Reached skill level 4 in Axes
  4673 | D:6      | Reached ** piety under Makhleb
  4686 | D:6      | Reached skill level 5 in Axes
  4686 | D:6      | Reached XP level 8. HP: 42/68 MP: 8/8
  4857 | D:6      | Reached skill level 6 in Axes
  5230 | D:7      | Reached skill level 7 in Axes
  5264 | D:7      | Found a staircase to the Ecumenical Temple.
  5279 | D:7      | Reached skill level 8 in Axes
  5351 | D:7      | Reached skill level 9 in Axes
  5596 | D:7      | Gained mutation: You passively map the area around you.
                  | [Deep Dwarf growth]
  5596 | D:7      | Reached XP level 9. HP: 37/74 MP: 8/8
  5728 | D:7      | Reached skill level 10 in Axes
  5932 | D:7      | Reached skill level 1 in Invocations
  6316 | D:8      | Found a blossoming altar of Fedhas.
  6397 | D:8      | Reached *** piety under Makhleb
  6445 | D:8      | Reached skill level 5 in Invocations
  6769 | D:8      | Noticed Harold
  6784 | D:8      | Killed Harold
  6790 | D:8      | Reached XP level 10. HP: 39/81 MP: 13/16
  7042 | D:9      | Reached skill level 5 in Shields
  7172 | D:9      | Reached **** piety under Makhleb
  7264 | D:9      | Noticed a two-headed ogre
  7282 | D:9      | Killed a two-headed ogre
  7424 | D:9      | Found a staircase to the Orcish Mines.
  7704 | D:9      | Reached ***** piety under Makhleb
  8146 | D:10     | Entered Level 10 of the Dungeon
  8499 | D:10     | Reached XP level 11. HP: 75/88 MP: 17/17
  8750 | D:10     | Found Ubbosag's Antique Armour Emporium.
  8758 | D:10     | Bought an embroidered scarf for 232 gold pieces
  9568 | D:11     | HP: 4/88 [efreet/bolt of fire (25)]
  9678 | D:11     | Found Ytociam's Armour Shop.
  9800 | D:11     | Noticed a two-headed ogre
  9804 | D:11     | Killed a two-headed ogre
  9804 | D:11     | Reached skill level 11 in Axes
  9922 | D:11     | Found a staircase to the Lair.
  9950 | D:11     | Noticed a white ugly thing
  9962 | D:11     | Killed a white ugly thing
  9963 | D:11     | Reached skill level 12 in Axes
 10001 | D:11     | Reached ****** piety under Makhleb
 10361 | D:11     | Found a runed translucent gate.
 10362 | D:11     | Found a runed translucent gate.
 10363 | D:11     | Found a runed translucent gate.
 10365 | D:11     | Noticed Gaunlena's ghost (journeyman OpAs)
 10515 | D:11     | Reached skill level 13 in Axes
 10766 | D:12     | Noticed a brown ugly thing
 10791 | D:12     | Splashed by a brown ugly thing's acid

Illustrated notes

Levels and vault maps discovered:
D:1:      saegor_arrival_under_anarchy, layout_basic
D:2:      layout_loops_ring, lemuel_doored_altar
D:3:      layout_loops_ring, old_standard_altar, gup_sewer_entry_spiral,
          first_ration, serial_park_tiny_1, chequers_serial_rivers_room_b
D:4:      layout_loops_corners, grunt_temple_overflow_open,
          lemuel_coloured_pillars_altar
D:5:      layout_rooms
D:6:      layout_basic
D:7:      layout_gridville, minmay_temple_entry_junction
D:8:      layout_basic, fedhas_altar_1, uniq_harold
D:9:      layout_irregular_city, erik_orc_4
D:10:     layout_grid_maze, serial_shops, shop, hangedman_fish_farm
D:11:     layout_loops_corners, minmay_lair_entry_grove,
          gammafunk_ghost_necromancy, serial_shops, nicolae_shop_behind_doors,
          minmay_unpleasant_kobolds
D:12:     layout_irregular_city, sword_in_stone

Skill      XL: |  1  2  3  4  5  6  7  8  9 10 11 |
---------------+----------------------------------+-----
Long Blades    | 3 4 5 6 7 |  7.0
Armour         | 4 5 7 9 |  9.0
Shields        | 4 9 |  9.1
Axes           | 5 9 10 13 | 13.4
Invocations    | 9 |  9.7
Fighting       | |  2.6

Action                   |  1- 3 |  4- 6 |  7- 9 | 10-12 || total
-------------------------+-------+-------+-------+-------++-------
Melee: Short sword       |    38 |   159 |    77 |       ||   274
       Long sword        |     5 |       |       |       ||     5
       Dagger            |    93 |   219 |       |       ||   312
       War axe           |       |       |   302 |   528 ||   830
Throw: Dart              |     9 |    16 |    14 |    39 ||    78
       Javelin           |       |       |       |     6 ||     6
 Abil: Heal Wounds       |       |     3 |     5 |    12 ||    20
Evoke: Wand              |       |       |     1 |     2 ||     3
 Stab: Confused          |       |       |     4 |     2 ||     6
  Eat: Chunk             |     2 |     8 |     9 |    14 ||    33
       Ration            |       |       |     1 |       ||     1
Armor: Scale mail        |    37 |    83 |   101 |       ||   221
       Ring mail         |       |       |    43 |   108 ||   151
Dodge: Dodged            |    28 |    75 |   105 |    93 ||   301
Block: Kite shield       |    44 |   112 |   165 |   240 ||   561
